 Dungeon Crawl Stone Soup version 0.23.1 (webtiles) character file.

Game seed: 0

4001 Lees the Grappler (level 10, -5/100 HPs)
             Began as a Troll Monk on Mar 14, 2019.
             Was an Elder of Wu Jian.
             Slain by an orc knight
             ... wielding a +0 halberd
              (24 damage)
             ... in a bailey on Mar 15, 2019.
             The game lasted 00:28:11 (5880 turns).

Lees the Grappler (Troll Monk)                      Turns: 5880, Time: 00:28:11

Health: -5/100     AC:  7    Str: 24    XL:     10   Next: 3%
Magic:  9/9        EV: 13    Int:  6    God:    Wu Jian [****..]
Gold:   343        SH:  0    Dex: 12    Spells: 9/9 levels left

rFire    + . .     SeeInvis .     - Unarmed
rCold    . . .     Gourm    +   (no shield)
rNeg     . . .     Faith    +   k - +1 robe {rF+}
rPois    .         Spirit   .   (helmet restricted)
rElec    .         Reflect  .   (no cloak)
rCorr    .         Harm     .   (gloves unavailable)
MR       .....                  (boots unavailable)
Stlth    ++........             i - amulet of faith
HPRegen  0.66/turn              u - +4 ring of slaying
MPRegen  0.11/turn              (no ring)

@: no status effects
A: large, unfitting armour, claws 3, fast metabolism 3, gourmand, regeneration
1, shaggy fur 1, tough skin 3
a: Wall Jump, Serpent's Lash, Renounce Religion


You were in a bailey.
You worshipped Wu Jian.
Wu Jian was greatly pleased with you.
You were not hungry.

You visited 2 branches of the dungeon, and saw 9 of its levels.
You also visited: Bailey.

You collected 343 gold pieces.

Inventory:

Hand Weapons
 e - a cursed +4 dagger
Armour
 a - a +0 robe
 d - a +0 robe
 k - a +1 robe of fire resistance (worn)
Jewellery
 i - an amulet of faith (around neck)
 m - a cursed ring of attention {unknown}
 u - a +4 ring of slaying (left claw)
Scrolls
 g - a scroll of enchant weapon
 h - 3 scrolls of teleportation
 j - a scroll of fog
 l - a scroll of blinking
 n - a scroll of remove curse
Potions
 c - a potion of flight
 f - a potion of heal wounds
 o - a potion of curing
 p - a potion of degeneration
 s - a potion of cancellation {unknown}
Comestibles
 b - 8 rations


   Skills:
 + Level 6.6 Fighting
 + Level 6.5 Dodging
 - Level 1.0 Stealth
 * Level 10.6 Unarmed Combat


You had 9 spell levels left.
You didn't know any spells.
Your spell library was empty.

Dungeon Overview and Level Annotations

Branches:
Dungeon (8/15)             Temple (1/1) D:5
   Lair: D:8-11

Altars:
Ashenzari
Cheibriados
Elyvilon
Gozag
Hepliaklqana
Kikubaaqudgha
Makhleb
Okawaru
Qazlal
Ru
Sif Muna
Uskayaw
Wu Jian
Xom
Zin
The Shining One

Shops:
D:5 *   D:6 }*%*

Annotations:
D:4 1 exclusion


Innate Abilities, Weirdness & Mutations

You are too large for most types of armour.
You have claws for hands.
Your metabolism is lightning-fast.
You like to eat raw meat.
Your natural rate of healing is unusually fast.
You are covered in fur. (AC +1)
You have extremely tough skin. (AC +3)


Message History

The orcs go into a battle-frenzy!
The orc knight roars a battlecry!
The orc knight goes into a battle-frenzy!
There is an open door here.
The orc knight barely misses you.
The orc warrior hits you from afar with a +0 glaive!!
The orc warrior shouts!
Aiming: Wall Jump
Press: ? - help, Dir - move target cursor You repeatedly attack the orc knight from above.
You claw the orc knight!
The orc knight is moderately wounded.
You closely miss the orc knight.
The orc knight is moderately wounded.
The orc knight hits you with a +0 trident!!
The orc knight barely misses you. The orc warrior barely misses you.
The orc knight hits you with a +0 trident!!!
* * * LOW HITPOINT WARNING * * *
The orc knight hits you from afar with a +0 halberd!!
You die...

##..≈≈...).≈≈..##
########..≈≈..###))≈≈..##########
.........≈≈..##.##))≈≈..........#
≈≈≈≈≈≈≈≈≈≈.)##.∩.##..≈≈≈≈≈≈≈≈≈≈.#
≈..)...)...##.....##..........≈.#
≈.#########'###'#############.≈.#
≈)## ##.........# ##.≈.# ≈..##
#..≈≈§§○○≈§§# ##..≈.# ≈≈..##
##..≈≈§oo@°§≈§.# ##..≈≈.#
.≈≈..#'#..≈§§§§○○○§§§..# #..≈≈.##
.≈≈..#'#..≈§..oo..§§§..# #..≈≈.∩#
≈≈..##.##..≈§.....§§..## ##..≈≈.#
≈..##...#'..≈≈≈≈≈≈§§.## ##..≈.#
≈.##.....##.....o...## $$.##.≈.#
≈)#############'#### #####.≈.#
≈..........## .. #####..≈.#
≈≈≈≈≈≈≈≈≈≈..## #######≈≈≈≈≈≈≈.#


You could see 3 orc knights and 2 orc warriors.

Vanquished Creatures
  Pikel (D:8)
  Grinder (D:5)
  Eustachio (D:4)
  3 slaves (D:8)
  4 ogres
  An ice beast (D:2)
  A black bear (D:7)
  2 orc warriors
  3 phantoms
  2 centaurs
  2 bullfrogs (D:7)
  A scorpion (D:5)
  A water moccasin skeleton (D:7)
  10 wights
  A howler monkey (D:6)
  An electric eel (D:6)
  2 crimson imps (D:6)
  6 orc priests
  A jelly (D:5)
  2 hounds (D:6)
  5 iguanas
  4 bullfrog skeletons
  Natasha (thrice) (D:4)
  5 orc wizards
  4 worker ants
  2 killer bee zombies
  A hound skeleton (D:6)
  12 adders
  11 gnolls
  A shadow imp (D:7)
  An ooze (D:3)
  An adder zombie (D:6)
  3 adder skeletons
  2 worms (D:2)
  A dart slug (D:2)
  7 leopard geckos
  40 orcs
  2 ball pythons (D:3)
  6 giant cockroaches
  10 goblins
  5 hobgoblins
  2 jackals (D:6)
  5 quokkas
  6 bats
  6 frilled lizards
  A jackal skeleton (D:4)
  8 kobolds
  A leopard gecko skeleton (D:6)
  A quokka skeleton (D:4)
  9 rats
211 creatures vanquished.

Vanquished Creatures (others)
  An orc (D:3)
1 creature vanquished.

Grand Total: 212 creatures vanquished

Notes
Turn   | Place    | Note
-------+----------+-------------------------------------------
     0 | D:1      | Lees the Troll Monk began the quest for the Orb.
     0 | D:1      | Reached XP level 1. HP: 22/22 MP: 0/0
   178 | D:1      | Reached XP level 2. HP: 29/29 MP: 1/1
   597 | D:2      | Reached XP level 3. HP: 36/36 MP: 2/2
   852 | D:2      | Noticed an ice beast
   866 | D:2      | Killed an ice beast
   866 | D:2      | Reached skill level 4 in Unarmed Combat
   866 | D:2      | Reached XP level 4. HP: 14/45 MP: 3/3
   866 | D:2      | Reached XP level 5. HP: 17/53 MP: 4/4
  1200 | D:3      | Noticed a centaur
  1225 | D:3      | HP: 2/53 [centaur/arrow (10)]
  1242 | D:3      | Killed a centaur
  1242 | D:3      | Reached skill level 5 in Unarmed Combat
  1242 | D:3      | Reached XP level 6. HP: 16/62 MP: 5/5
  1869 | D:4      | Noticed Natasha
  1885 | D:4      | Killed Natasha
  1902 | D:4      | Found a sacrificial altar of Ru.
  2034 | D:4      | Reached XP level 7. HP: 30/70 MP: 6/6
  2096 | D:4      | Noticed Natasha
  2106 | D:4      | Killed Natasha
  2106 | D:4      | Reached skill level 6 in Unarmed Combat
  2145 | D:4      | Noticed Natasha
  2151 | D:4      | Killed Natasha
  2174 | D:4      | Noticed Eustachio
  2183 | D:4      | Killed Eustachio
  2458 | D:4      | Reached skill level 7 in Unarmed Combat
  2889 | D:5      | Entered Level 5 of the Dungeon
  2990 | D:5      | Found a staircase to the Ecumenical Temple.
  2995 | D:5      | Reached XP level 8. HP: 79/79 MP: 7/7
  2999 | Temple   | Entered the Ecumenical Temple
  3009 | Temple   | Became a worshipper of the Wu Jian Council
  3009 | Temple   | Reached * piety under Wu Jian
  3009 | Temple   | Reached ** piety under Wu Jian
  3204 | D:5      | Found Gozag's Platinum Reserve.
  3456 | D:5      | HP: 3/79 [something (1)]
  3604 | D:5      | Reached skill level 5 in Fighting
  3629 | D:5      | Reached skill level 5 in Dodging
  3847 | D:5      | Reached skill level 8 in Unarmed Combat
  3866 | D:5      | Found an opulent altar of Gozag.
  3953 | D:5      | Noticed Grinder
  3954 | D:5      | Paralysed by Grinder for 4 turns
  3966 | D:5      | Killed Grinder
  4165 | D:6      | Found Lueryph Ypos's Food Boutique.
  4173 | D:6      | Reached *** piety under Wu Jian
  4173 | D:6      | Reached XP level 9. HP: 61/88 MP: 8/8
  4208 | D:6      | Reached skill level 9 in Unarmed Combat
  4249 | D:6      | Found Pithe's Assorted Antiques.
  4344 | D:6      | Found Gaumad's Gadget Emporium.
  4524 | D:6      | Found Qeczeq's General Store.
  4890 | D:7      | Reached **** piety under Wu Jian
  4976 | D:7      | Reached skill level 10 in Unarmed Combat
  5437 | D:8      | Noticed Pikel
  5444 | D:8      | Killed Pikel
  5444 | D:8      | Reached XP level 10. HP: 92/100 MP: 9/9
  5445 | D:8      | Found a flagged portal.
  5450 | Bailey   | Entered a bailey
  5511 | Bailey   | Noticed an orc knight
  5512 | Bailey   | Noticed an orc knight
  5522 | Bailey   | Noticed an orc knight
  5880 | Bailey   | Slain by an orc knight

Skill      XL: |  1  2  3  4  5  6  7  8  9 |
---------------+----------------------------+-----
Fighting       | 3 4 5 6 |  6.6
Dodging        | 3 4 5 6 |  6.5
Unarmed Combat | 4 5 7 8 10 | 10.6
Stealth        | |  1.0

Action                   |  1- 3 |  4- 6 |  7- 9 | 10-12 || total
-------------------------+-------+-------+-------+-------++-------
Melee: Unarmed           |    83 |   127 |   350 |    17 ||   577
       Punch             |     2 |     4 |    14 |     1 ||    21
Invok: Whirlwind         |       |       |    59 |     2 ||    61
       Lunge             |       |       |    22 |     7 ||    29
 Abil: Wall Jump         |       |       |     8 |     2 ||    10
  Use: Scroll            |     4 |       |     8 |       ||    12
       Potion            |       |     3 |     7 |       ||    10
 Stab: Sleeping          |     2 |       |     5 |       ||     7
       Paralysed         |       |     1 |       |       ||     1
  Eat: Chunk             |     5 |    10 |    22 |     4 ||    41
       Ration            |       |       |     4 |       ||     4
Armor: Robe              |    35 |    25 |    58 |     4 ||   122
Dodge: Dodged            |    49 |    65 |   164 |    29 ||   307
